 Dungeon Crawl Stone Soup version 0.27.1-2-g3b301248ec (webtiles) character file.

Game seed: 10659783728200123901

2352 Metae the Chopper (level 9, -2/79 HPs)
             Began as a Hill Orc Fighter on Sept 26, 2021.
             Was a Believer of Beogh.
             Slain by an orc warrior (4 damage)
             ... on level 7 of the Dungeon.
             The game lasted 00:19:24 (7971 turns).

Metae the Chopper (Hill Orc Fighter)                Turns: 7971, Time: 00:19:25

Health: -2/79      AC: 11    Str: 22    XL:     9   Next: 43%
Magic:  12/12      EV:  6    Int:  8    God:    Beogh [**....]
Gold:   226        SH: 10    Dex: 10    Spells: 8/8 levels left

rFire    . . .     SeeInvis .   a - +1 war axe
rCold    . . .     Faith    .   c - +0 kite shield
rNeg     + . .     Spirit   .   j - +0 chain mail
rPois    .         Reflect  .   (no helmet)
rElec    .         Harm     .   (no cloak)
rCorr    .         Rampage  .   (no gloves)
Will     .....                  t - +0 pair of boots
Stlth    ..........             (no amulet)
HPRegen  0.23/turn              p - ring of positive energy
MPRegen  0.13/turn              o - +4 ring of slaying

@: no status effects
A: no striking features
a: Renounce Religion, Smiting


You were on level 7 of the Dungeon.
You worshipped Beogh.
Beogh was pleased with you.
You visited 1 branch of the dungeon, and saw 7 of its levels.

You collected 226 gold pieces.

Inventory:

Hand Weapons
 a - a +1 war axe (weapon)
Missiles
 v - a throwing net (quivered)
Armour
 c - a +0 kite shield (worn)
 j - a +0 chain mail (worn)
 k - a +0 plate armour
 t - a +0 pair of boots (worn)
Jewellery
 i - a ring of flight
 o - a +4 ring of slaying (right hand)
 p - a ring of positive energy (left hand)
 x - an amulet of magic regeneration
 D - a ring of see invisible
Wands
 b - a wand of digging (5)
 C - a wand of polymorph (10)
Scrolls
 e - 2 scrolls of blinking
 f - 3 scrolls of enchant weapon
 g - 4 scrolls of teleportation
 l - 3 scrolls of noise
 m - a scroll of fear {unknown}
 n - 2 scrolls of fog {unknown}
 q - a scroll of vulnerability {unknown}
 r - 2 scrolls of enchant armour
 y - 3 scrolls of identify
 A - a scroll of magic mapping {unknown}
 B - a scroll of immolation {unknown}
Potions
 d - 2 potions of might
 h - 2 potions of attraction {unknown}
 s - a potion of cancellation
 u - a potion of brilliance {unknown}
 w - a potion of lignification {unknown}
 z - 2 potions of curing {unknown}


   Skills:
 + Level 7.4 Fighting
 + Level 7.7 Axes
 + Level 6.9 Armour
 + Level 6.9 Shields
 + Level 5.2 Invocations
 + Level 3.2 Evocations


You had 8 spell levels left.
You didn't know any spells.
Your spell library contained the following spells:

 Spells                   Type           Power      Damage    Failure   Level
 Foxfire                  Conj/Fire      0%         2x1d4     100%        1
 Conjure Flame            Conj/Fire      0%         6-21      100%        3
 Frozen Ramparts          Ice            0%         1d2       100%        3
 Inner Flame              Hex/Fire       0%         N/A       100%        3
 Cause Fear               Hex            0%         N/A       100%        4
 Ice Form                 Ice/Tmut       0%         N/A       100%        4
 Summon Ice Beast         Ice/Summ       0%         N/A       100%        4
 Fireball                 Conj/Fire      0%         3d3       100%        5
 Freezing Cloud           Conj/Ice/Air   0%         6-21      100%        5
 Iskenderun's Battlesphe  Conj           0%         2d6       100%        5
 Conjure Ball Lightning   Conj/Air       0%         3x3d6     100%        6
 Simulacrum               Ice/Necr       0%         N/A       100%        6
 Orb of Destruction       Conj           0%         N/A       100%        7
 Discord                  Hex            0%         N/A       100%        8
 Polar Vortex             Ice            0%         N/A       100%        9


Dungeon Overview and Level Annotations

Branches:
Dungeon (7/15)             Temple (0/1) D:5

Altars:

Shops:
D:6 [


Message History

You hit the orc warrior.
The orc warrior is moderately wounded.
You hit something. The orc warrior barely misses you.
You block something's attack. You block the orc warrior's attack.
You slash the orc warrior!
The orc warrior is heavily wounded.
You hit something but do no damage.
You hear some strange, mumbled words.
A puff of flame appears from out of thin air!
The puff of flame hits you!
The orc warrior hits you with a +0 trident!
You slash something! Beogh accepts your kill.
Reactivating autopickup.
You feel a bit more experienced.
You barely miss the orc warrior. You block the orc warrior's attack.
You block the orc warrior's attack.
Items here: )) [ †.
Found a ring mail.
You block the orc warrior's attack.
Items here: ( ) [ †.
Your shield prevents you from hitting the orc warrior.
The orc warrior is heavily wounded.
The orc warrior hits you with a +0 trident!
You hit the orc warrior but do no damage.
The orc warrior is heavily wounded.
The orc warrior hits you with a +0 trident.
The orc warrior hits you with a +0 trident!
* * * LOW HITPOINT WARNING * * *
You hit the orc warrior.
The orc warrior is heavily wounded.
The orc warrior hits you with a +0 trident.
* * * LOW HITPOINT WARNING * * *
You closely miss the orc warrior.
The orc warrior is heavily wounded.
The orc warrior hits you with a +0 trident!
* * * LOW HITPOINT WARNING * * *
It was a potion of cancellation.
You feel magically purged.
The orc warrior hits you with a +0 trident.
You die...
Beogh appreciates the orc warrior's killing of a heretic priest.

..# ##.# #.
#.### #
####...#
#.....##.#
#####.[#.##
##....#
####.#########
#.)o......[
##)@.......
#.........
##########


You could see an orc warrior.

Vanquished Creatures
  A water moccasin (D:4)
  An ice beast (D:7)
  3 black bears
  A sky beast (D:7)
  4 ogres
  2 centaurs
  A bullfrog (D:6)
  A kobold brigand (D:6)
  A gnoll sergeant (D:7)
  A scorpion (D:7)
  2 wyvern skeletons
  A howler monkey (D:6)
  A centaur zombie (D:6)
  3 hounds
  3 orc priests
  2 centaur skeletons (D:7)
  9 iguanas
  6 orc wizards
  A killer bee zombie (D:6)
  A hound skeleton (D:4)
  7 gnolls
  5 adders
  A howler monkey skeleton (D:5)
  A white imp (D:6)
  2 ufetubi
  An adder skeleton (D:5)
  5 worms
  4 dart slugs
  13 orcs
  11 ball pythons
  2 bats (D:1)
  5 endoplasms
  2 giant cockroaches (D:4)
  8 goblins
  8 hobgoblins
  4 jackals (D:3)
  6 quokkas
  3 frilled lizards
  9 kobolds
  3 rats
145 creatures vanquished.

Vanquished Creatures (others)
  A hound (D:4)
  An orc priest (D:4)
  An orc wizard (D:4)
  6 orcs (D:4)
  A fungus (D:1)
  6 plants (D:1)
16 creatures vanquished.

Grand Total: 161 creatures vanquished

Notes
Turn   | Place    | Note
-------+----------+-------------------------------------------
     0 | D:1      | Metae the Hill Orc Fighter began the quest for the Orb.
     0 | D:1      | Reached XP level 1. HP: 19/19 MP: 1/1
   136 | D:1      | Reached XP level 2. HP: 27/27 MP: 2/2
   150 | D:1      | Found a faded altar of an unknown god.
   524 | D:1      | Reached XP level 3. HP: 31/33 MP: 3/3
  1401 | D:2      | Reached XP level 4. HP: 40/40 MP: 4/4
  2518 | D:3      | Noticed an ogre
  2559 | D:3      | Killed an ogre
  2560 | D:3      | Reached XP level 5. HP: 38/47 MP: 5/5
  3744 | D:4      | Became a worshipper of Beogh the Brigand
  3747 | D:4      | Noticed a black bear
  3767 | D:4      | Killed a black bear
  3768 | D:4      | Reached skill level 5 in Fighting
  3768 | D:4      | Reached XP level 6. HP: 18/56 MP: 6/6
  4195 | D:4      | Reached skill level 5 in Axes
  4195 | D:4      | Reached skill level 5 in Armour
  4195 | D:4      | Reached skill level 5 in Shields
  4412 | D:4      | Reached XP level 7. HP: 61/61 MP: 7/7
  4941 | D:4      | Reached skill level 1 in Invocations
  5265 | D:5      | Entered Level 5 of the Dungeon
  5274 | D:5      | Reached * piety under Beogh
  5487 | D:5      | Reached XP level 8. HP: 63/70 MP: 9/9
  5566 | D:5      | Found a staircase to the Ecumenical Temple.
  6160 | D:5      | Reached skill level 1 in Evocations
  6349 | D:6      | Found Ihod Qatysm's Armour Shoppe.
  6901 | D:6      | Reached XP level 9. HP: 45/79 MP: 12/12
  7541 | D:7      | Reached ** piety under Beogh
  7548 | D:7      | Reached skill level 5 in Invocations
  7970 | D:7      | HP: 2/79 [orc warrior (13)]
  7971 | D:7      | Slain by an orc warrior

Illustrated notes

Levels and vault maps discovered:
D:1:      amcnicky_arrival_flooded_fountain, layout_basic,
          shapermc_ecumenical_altar_mp_ritualfount,
          chequers_serial_rivers_large_b, minmay_3d_cube
D:2:      layout_basic, kennysheep_cluttered_room
D:3:      layout_basic
D:4:      layout_loops_cross, minmay_cut_off
D:5:      layout_gridville, minmay_temple_entry_stoned_glass
D:6:      minmay_inner_zag, layout_loops_ring, serial_shops, nicolae_shop_stone
D:7:      layout_rooms, kennysheep_generic_room_15

Skill      XL: |  1  2  3  4  5  6  7  8  9 |
---------------+----------------------------+-----
Axes           | 3 4 5 6 7 |  7.7
Fighting       | 4 5 6 7 |  7.4
Armour         | 4 5 6 |  6.9
Shields        | 4 5 6 |  6.9
Invocations    | 2 4 5 |  5.2
Evocations     | 2 3 |  3.2

Action                   |  1- 3 |  4- 6 |  7- 9 || total
-------------------------+-------+-------+-------++-------
Melee: War axe           |    74 |   123 |   214 ||   411
Invok: Convert to Beogh  |       |     1 |       ||     1
  Use: Scroll            |       |       |     7 ||     7
       Potion            |       |       |     1 ||     1
Armor: Scale mail        |    39 |    58 |    30 ||   127
       Chain mail        |       |       |    84 ||    84
Dodge: Dodged            |    20 |    51 |    70 ||   141
Block: Kite shield       |    42 |    80 |   156 ||   278
